 Dungeon Crawl Stone Soup version 0.26.0-16-gc1dbca0489 (webtiles) character file.

Game seed: 435053173862370940

546 CowFu the Changer (level 7, -4/52 HPs)
             Began as a Yellow Draconian Transmuter on Jan 19, 2021.
             Was an Initiate of Ru.
             Slain by an ogre
             ... wielding a +0 giant spiked club
              (16 damage)
             ... on level 4 of the Dungeon.
             The game lasted 00:05:16 (4923 turns).

CowFu the Changer (Yellow Draconian Transmuter)     Turns: 4923, Time: 00:05:16

Health: -4/52      AC:  6    Str: 12    XL:     7   Next: 6%
Magic:  7/10       EV: 12    Int: 14    God:    Ru [......]
Gold:   250        SH:  0    Dex: 13    Spells: 4/10 levels left

rFire    . . .     SeeInvis .   n - +2 dagger (venom)
rCold    . . .     Faith    .   (no shield)
rNeg     . . .     Spirit   .   (armour unavailable)
rPois    .         Reflect  .   (helmet currently unavailable)
rElec    .         Harm     .   (no cloak)
rCorr    +         Rampage  .   (no gloves)
Will     .....                  (boots currently unavailable)
Stlth    +.........             (no amulet)
HPRegen  0.17/turn              (no ring)
MPRegen  0.12/turn              (no ring)

@: short of breath, appendages, wereblooded
A: spit acid, unfitting armour, horns 2, talons 2, cold-blooded, acid
resistance, AC +6
a: Breathe Acid, End Transformation, Renounce Religion


You were on level 4 of the Dungeon.
You worshipped Ru.
Ru was noncommittal.
You had grown temporary horns.
You had grown temporary talons.
You visited 1 branch of the dungeon, and saw 4 of its levels.

You collected 250 gold pieces.

Inventory:

Hand Weapons
 n - a +2 dagger of venom (weapon)
Armour
 a - a +1 hat (melded)
Wands
 o - a wand of flame (15)
Scrolls
 c - 2 scrolls of enchant armour {unknown}
 e - 3 scrolls of teleportation {unknown}
 g - 4 scrolls of identify {unknown}
 h - a scroll of enchant weapon {unknown}
 i - a scroll of fog {unknown}
 j - 2 scrolls of remove curse {unknown}
 l - 2 scrolls of blinking {unknown}
 m - a scroll of fear {unknown}
Potions
 d - a potion of cancellation
 f - a potion of curing
 k - a potion of mutation {unknown}
 p - a potion of attraction {unknown}


   Skills:
 - Level 1.1 Fighting
 - Level 1.7 Dodging
 - Level 4.3 Unarmed Combat
 - Level 2.0 Spellcasting
 + Level 6.3 Transmutations
 - Level 3.0 Poison Magic


You had 4 spell levels left.
You knew the following spells:

 Your Spells              Type           Power        Failure   Level
a - Beastly Appendage     Tmut           38%          1%          1
b - Wereblood             Tmut           19%          2%          2
c - Spider Form           Tmut/Pois      7%           11%         3

Your spell library contained the following spells:

 Spells                   Type           Power        Failure   Level
 Ice Form                 Ice/Tmut       10%          54%         4
 Blade Hands              Tmut           9%           45%         5


Dungeon Overview and Level Annotations

Branches:
Dungeon (4/15)
 Temple: D:4-7

Altars:
Ru


Innate Abilities, Weirdness & Mutations

You can spit globs of acid.
Your golden yellow scales are hard. (AC +6)
You cannot fit into any form of body armour.
You are cold-blooded and may be slowed by cold attacks.
You are resistant to acid. (rCorr)
You have a pair of horns on your head.
You have razor-sharp toenails.


Message History

The gnoll closely misses you.
You hit the gnoll.
You kill the gnoll!
The gnoll hits you.
The gnoll hits you from afar with a +0 spear!
The ogre barely misses you.
You hit the orc but do no damage.
The orc is poisoned.
You claw the orc. You headbutt the orc.
You kill the orc!
The gnoll closely misses you. The gnoll barely misses you.
You hit the ogre.
The ogre is moderately wounded.
The ogre hits you with a +0 giant spiked club!!
* * * LOW HITPOINT WARNING * * *
The gnoll closely misses you. The gnoll barely misses you.
You feel better. The gnoll closely misses you.
The gnoll hits you from afar with a +0 spear.
* * * LOW HITPOINT WARNING * * *
The ogre hits you with a +0 giant spiked club!
You die...

...... ..... .... ...#
...# #.# #####...###
####.# #...og.g..#
..#.# # #g#g.# # #
#.#.# #. #@#..# #.
#.##.#.#
#.##O)..#.#.........#
#.......#.#..####...#
#...>...#W#..........
###.#..[)...........##
...........###.#....<##
#.###.#...[##
#........#
###.###.###..#
#.....รท.##
#.....#......#
#.##...##


You could see an ogre, 2 gnolls and an orc.

Vanquished Creatures
  A phantom (D:4)
  A howler monkey (D:4)
  A hound (D:3)
  A bullfrog skeleton (D:2)
  A gnoll shaman (D:4)
  2 orc priests
  2 orc wizards
  An iguana (D:4)
  A worker ant (D:4)
  2 hound skeletons (D:4)
  A gnoll (D:4)
  4 adders
  An ooze (D:2)
  A worm (D:3)
  5 dart slugs
  2 leopard geckos
  5 orcs
  A ball python (D:3)
  16 giant cockroaches
  6 goblins
  6 hobgoblins
  2 jackals (D:3)
  7 kobolds
  2 quokkas
  4 bats
  4 frilled lizards
  7 rats
87 creatures vanquished.

Vanquished Creatures (others)
  An orc (D:4)
1 creature vanquished.

Grand Total: 88 creatures vanquished

Notes
Turn   | Place    | Note
-------+----------+-------------------------------------------
     0 | D:1      | CowFu the Draconian Transmuter began the quest for the Orb.
     0 | D:1      | Reached XP level 1. HP: 16/16 MP: 3/3
   128 | D:1      | Reached XP level 2. HP: 13/23 MP: 3/5
   913 | D:2      | Reached XP level 3. HP: 19/28 MP: 6/6
  1095 | D:2      | Reached skill level 3 in Transmutations
  1157 | D:2      | Reached XP level 4. HP: 25/35 MP: 5/7
  1446 | D:2      | Learned a level 2 spell: Wereblood
  1450 | D:2      | Learned a level 3 spell: Spider Form
  2752 | D:3      | Reached skill level 1 in Poison Magic
  2821 | D:3      | Found a sacrificial altar of Ru.
  2837 | D:3      | Became a worshipper of Ru the Awakened
  3115 | D:3      | Reached skill level 4 in Transmutations
  3115 | D:3      | Reached XP level 5. HP: 33/40 MP: 8/8
  3688 | D:4      | Noticed a phantom
  3819 | D:4      | Reached XP level 6. HP: 47/47 MP: 9/9
  3873 | D:4      | Reached skill level 5 in Transmutations
  4731 | D:4      | Reached skill level 6 in Transmutations
  4919 | D:4      | Your scales start taking on a golden yellow colour.
  4919 | D:4      | Reached XP level 7. HP: 42/52 MP: 7/10
  4919 | D:4      | Gained mutation: You are resistant to acid. (rCorr) [Yellow
                  | Draconian growth]
  4923 | D:4      | Slain by an ogre

Illustrated notes

Levels and vault maps discovered:
D:1:      amcnicky_arrival_feature_with_door, layout_rooms
D:2:      minmay_roachtagon, layout_basic
D:3:      layout_loops_corners, nicolae_ru_awakened_eye
D:4:      layout_loops_cross, grunt_qazlal_clouds, serial_shops,
          kennysheep_little_box

Skill      XL: |  1  2  3  4  5  6 |
---------------+-------------------+-----
Transmutations | 3 4 6 |  6.3
Unarmed Combat | 4 |  4.3
Poison Magic   | 1 2 3 |  3.0
Fighting       | |  1.1
Dodging        | |  1.7
Spellcasting   | |  2.0

Action                   |  1- 3 |  4- 6 |  7- 9 || total
-------------------------+-------+-------+-------++-------
Melee: Unarmed           |    73 |    94 |       ||   167
       Headbutt          |     8 |    21 |     1 ||    30
       Kick              |    13 |    44 |     1 ||    58
       Tailslap          |     7 |    24 |       ||    31
       Punch             |     1 |     4 |       ||     5
       Dagger            |       |   136 |     3 ||   139
 Cast: Beastly Appendage |    22 |    39 |       ||    61
       Wereblood         |       |     2 |       ||     2
 Abil: Breathe Acid      |       |       |     1 ||     1
  Use: Potion            |       |     4 |     1 ||     5
 Stab: Sleeping          |       |     1 |       ||     1
Armor: Skin              |    25 |    72 |     1 ||    98
Dodge: Dodged            |    51 |   162 |     7 ||   220
